 Dungeon Crawl Stone Soup version 0.31-a0-214-gb37851dbb3 (webtiles) character file.

Game seed: 9694251497107864195

666 qw the Chopper (level 7, -4/44 HPs)
             Began as a Gargoyle Fighter on July 1, 2023.
             Was an Initiate of Okawaru.
             Slain by an ogre
             ... wielding a +0 giant club
              (13 damage)
             ... on level 5 of the Dungeon.
             The game lasted 00:02:07 (3889 turns).

qw the Chopper (Gargoyle Fighter)                   Turns: 3889, Time: 00:02:07

Health: -4/44      AC: 17    Str: 27      XL:     7   Next: 57%
Magic:  7/7        EV:  7    Int:  9      God:    Okawaru [......]
Gold:   81         SH:  4    Dex:  8 (9)  Spells: 6/6 levels left

rFire   . . .        Y - +0 war axe
rCold   . . .        c - +0 buckler
rNeg    + . .        m - +0 plate armour
rPois   inf          (no helmet)
rElec   +            (no cloak)
rCorr   .            (no gloves)
SInv    .            l - +0 pair of boots
Will    .....        (no amulet) Stlth
                     a - +6 ring of strength
HPRegen 0.27/turn    (no ring)
MPRegen 0.10/turn

%: no passive effects
@: no status effects
A: sickness immunity, AC +4, negative energy resistance 1, electricity
resistance, torment resistance 1, petrification resistance
a: Renounce Religion


You were on level 5 of the Dungeon.
You worshipped Okawaru.
Okawaru was noncommittal.
You visited 2 branches of the dungeon, and saw 6 of its levels.

You collected 81 gold pieces.


Innate Abilities, Weirdness & Mutations

You are immune to sickness and miasma.
Your stone body is resilient. (AC +4)
You are immune to poison.
You resist negative energy. (rN+)
You are resistant to electric shocks. (rElec)
You are resistant to unholy torment.
You are immune to petrification.


   Skills:
 + Level 4.7 Fighting
 - Level 7.0 Axes
 - Level 3.2 Armour
 - Level 3.2 Shields


You had 6 spell levels left.
You didn't know any spells.
Your spell library was empty.

Inventory:

Hand Weapons
 g - a +0 flail
 Y - a +0 war axe (weapon)
Missiles
 o - 2 boomerangs
Armour
 c - a +0 buckler (worn)
 l - a +0 pair of boots (worn)
 m - a +0 plate armour (worn)
Jewellery
 a - a +6 ring of strength (left hand)
Scrolls
 f - a scroll of teleportation
Potions
 b - a potion of curing {unknown}
 d - a potion of might
 e - a potion of lignification {unknown}
 i - a potion of attraction
 k - a potion of heal wounds
 p - a potion of invisibility {unknown}

Dungeon Overview and Level Annotations

Branches:
Dungeon (5/15)             Temple (1/1) D:4

Altars:
Ashenzari
Dithmenos
Elyvilon
Hepliaklqana
Makhleb
Nemelex Xobeh
Okawaru
Qazlal
Ru
Sif Muna
Trog
Uskayaw
Vehumet
Wu Jian
Xom
Yredelemnul
Zin
The Shining One


Message History

The orc wizard hits you but does no damage.
The ogre hits you with a +0 giant club.
You hit the orc wizard.
You kill the orc wizard!
Okawaru accepts your kill.
You hit the orc. You barely miss the ogre. You closely miss something.
You hear some strange, mumbled words.
A puff of flame appears from out of thin air!
The puff of flame hits you but does no damage.
The orc hits you with a +0 dagger.
You closely miss the orc wizard.
The orc wizard is almost dead.
You hit something. You closely miss the orc. You barely miss the ogre.
The ogre barely misses you. Something hits you. The orc closely misses you.
The orc wizard gestures at you while chanting.
The puff of flame hits you but does no damage.
You closely miss the orc wizard.
The orc wizard is almost dead.
You hit something. You barely miss the orc. You slash the ogre!
Something hits you but does no damage. The orc hits you but does no damage.
The orc wizard hits you with a +0 dagger.
The ogre hits you with a +0 giant club.
You barely miss the orc wizard.
The orc wizard is almost dead.
You miss something. You hit the orc but do no damage. You barely miss the ogre.
Something hits you but does no damage. The orc hits you but does no damage.
The orc wizard gestures at you while chanting.
The puff of flame hits you but does no damage.
The ogre hits you with a +0 giant club.
You slash the orc wizard!
You kill the orc wizard!
Okawaru accepts your kill.
You hit the ogre. You miss something. You slash the orc!
You kill the orc!
Okawaru accepts your kill.
You hear some strange, mumbled words.
A puff of flame appears from out of thin air!
The puff of flame hits you. The orc hits you but does no damage.
The ogre hits you with a +0 giant club!
You die...

..............#
..............#
..............#
..............#
...!..........#
..............#
......)o{.....#
#####
#.....O@####
###....
#........[.##
#...###
#/...[..##..#
###.###
###+###+###.##
#...#
#..###.###
##.##..######
+...>.........
#...#########.
#...#


You could see an ogre and an orc.

Vanquished Creatures
  Grinder (D:3)
  A black bear (D:4)
  A phantom (D:4)
  A howler monkey (D:5)
  A jelly (D:4)
  2 sleepcaps (D:4)
  2 orc wizards (D:5)
  3 gnolls (D:4)
  4 adders
  3 dart slugs
  8 orcs
  11 ball pythons
  6 bats
  8 endoplasms
  3 giant cockroaches
  11 goblins
  5 hobgoblins
  6 jackals (D:3)
  2 quokkas (D:4)
  4 frilled lizards (D:1)
  8 kobolds
  4 rats
95 creatures vanquished.

Notes
Turn   | Place    | Note
-------+----------+-------------------------------------------
     0 | D:1      | qw the Gargoyle Fighter began the quest for the Orb.
     0 | D:1      | Reached XP level 1. HP: 14/14 MP: 1/1
     0 | D:1      | 0 ||| qw: Version: 0.3-a-32-g5962c71
     0 | D:1      | 0 ||| qw: Game counter: 7648
     0 | D:1      | 0 ||| qw: Melee chars always use a shield: true
     0 | D:1      | 0 ||| qw: God list: Okawaru
     0 | D:1      | 0 ||| qw: Allow faded altars: false
     0 | D:1      | 0 ||| qw: Do Orc after clearing Dungeon:15 true
     0 | D:1      | 0 ||| qw: Do second Lair branch before Depths: true
     0 | D:1      | 0 ||| qw: Lair rune preference: random
     0 | D:1      | 0 ||| qw: Goals: Normal, Zot:1-4, Slime:5, God:TSO, Crypt,
                  | Tomb, Abyss, Pan, Hells, Win
     0 | D:1      | 0 ||| PLANNING D:1-11
    13 | D:1      | 13 ||| Stepping ~*~*~tactically~*~*~ (stealth).
    14 | D:1      | 14 ||| Stepping ~*~*~tactically~*~*~ (stealth).
    15 | D:1      | 15 ||| Stepping ~*~*~tactically~*~*~ (stealth).
    26 | D:1      | Reached skill level 2 in Axes
   127 | D:1      | Reached XP level 2. HP: 17/19 MP: 2/2
   432 | D:1      | Reached skill level 3 in Axes
   558 | D:1      | Reached XP level 3. HP: 22/23 MP: 3/3
   614 | D:1      | 614 ||| UPGRADING to +0 chain mail.
   624 | D:1      | 624 ||| DROPPING +0 scale mail.
   625 | D:1      | 625 ||| UPGRADING to +0 plate armour.
   635 | D:1      | 635 ||| DROPPING +0 chain mail.
   636 | D:1      | 636 ||| READING scroll labelled OMEL BITWORIRU.
   641 | D:1      | 641 ||| READING scroll labelled SURCHOA MUABB.
   642 | D:1      | 642 ||| READING scroll labelled CATREPPERANK.
   992 | D:2      | 992 ||| DROPPING +0 club.
  1030 | D:2      | Reached XP level 4. HP: 25/28 MP: 4/4
  1227 | D:2      | 1227 ||| UPGRADING to +6 ring of strength.
  1277 | D:3      | 1277 ||| Stepping ~*~*~tactically~*~*~ (stealth).
  1282 | D:3      | 1282 ||| READING scroll labelled JOBBIE BEMYECI.
  1297 | D:3      | Reached skill level 4 in Axes
  1419 | D:3      | 1419 ||| Stepping ~*~*~tactically~*~*~ (water).
  1433 | D:3      | 1433 ||| Stepping ~*~*~tactically~*~*~ (stealth).
  1434 | D:3      | 1434 ||| DROPPING +0 mace.
  1436 | D:3      | 1436 ||| Stepping ~*~*~tactically~*~*~ (stealth).
  1507 | D:3      | 1507 ||| Stepping ~*~*~tactically~*~*~ (stealth).
  1510 | D:3      | 1510 ||| Stepping ~*~*~tactically~*~*~ (stealth).
  1511 | D:3      | 1511 ||| Stepping ~*~*~tactically~*~*~ (stealth).
  1517 | D:3      | 1517 ||| Stepping ~*~*~tactically~*~*~ (stealth).
  1579 | D:3      | Noticed Grinder
  1580 | D:3      | Paralysed by Grinder for 2 turns
  1586 | D:3      | Paralysed by Grinder for 4 turns
  1596 | D:3      | Killed Grinder
  1597 | D:3      | Reached skill level 5 in Axes
  1597 | D:3      | Reached XP level 5. HP: 16/32 MP: 5/5
  1597 | D:3      | Reached XP level 6. HP: 19/37 MP: 6/6
  2277 | D:3      | 2277 ||| DRINKING 2 bubbling sapphire potions.
  2278 | D:3      | 2278 ||| DRINKING 2 murky emerald potions.
  2279 | D:3      | 2279 ||| DROPPING potion of degeneration.
  2471 | D:4      | Noticed a black bear
  2479 | D:4      | Killed a black bear
  2713 | D:4      | Reached skill level 6 in Axes
  2713 | D:4      | Reached XP level 7. HP: 29/44 MP: 7/7
  2897 | D:4      | Found a staircase to the Ecumenical Temple.
  2898 | D:4      | 2898 ||| PLANNING TEMPLE
  2898 | D:4      | 2898 ||| UPGRADING to +0 pair of boots.
  2903 | D:4      | 2903 ||| READING scroll labelled BABO NYCIUTZ.
  2904 | D:4      | 2904 ||| READING scroll labelled YJEOMY REMAJAN.
  2940 | Temple   | Entered the Ecumenical Temple
  3019 | Temple   | 3019 ||| PLANNING OKAWARU WORSHIP
  3118 | Temple   | Became a worshipper of Warmaster Okawaru
  3119 | Temple   | 3119 ||| PLANNING D:1-11
  3360 | D:4      | 3360 ||| Stepping ~*~*~tactically~*~*~ (stealth).
  3362 | D:4      | 3362 ||| Stepping ~*~*~tactically~*~*~ (hiding).
  3770 | D:4      | 3770 ||| READING scroll labelled WASO YMYDDUQ.
  3771 | D:4      | 3771 ||| READING scroll labelled LUSUME KITEA.
  3772 | D:4      | 3772 ||| READING 2 scrolls labelled TUAVOPOVICK.
  3773 | D:4      | 3773 ||| DRINKING 2 sedimented puce potions.
  3774 | D:4      | 3774 ||| DROPPING scroll of fog.
  3811 | D:5      | Entered Level 5 of the Dungeon
  3879 | D:5      | Reached skill level 7 in Axes
  3879 | D:5      | 3879 ||| Stepping ~*~*~tactically~*~*~ (hiding).
  3889 | D:5      | HP: 9/44 [something/puff of flame (5)]
  3889 | D:5      | Slain by an ogre

Levels and vault maps discovered:
D:1:      shiori_arrival_oz, layout_rooms, minmay_pentomino_p4
D:2:      layout_basic, serial_bayou, serial_bayou_pond_e, serial_bayou_pond_a,
          serial_bayou_pond_e, serial_bayou_crossing, patterned_corridor
D:3:      layout_basic, nicolae_concentric_dashed_squares_mild, minivault_14,
          uniq_grinder
D:4:      layout_basic, minmay_temple_entry_trees
D:5:      layout_basic, mainiacjoe_overflow_24_doors, uniq_edmund, uniq_duvessa,
          uniq_blork_the_orc
Temple:   nicolae_temple_bog_church

Skill      XL: |  1  2  3  4  5  6  7 |
---------------+----------------------+-----
Axes           | 2 3 5 6 7 |  7.0
Fighting       | 4 |  4.7
Armour         | |  3.2
Shields        | |  3.2

Action                     |  1- 3 |  4- 6 |  7- 9 || total
---------------------------+-------+-------+-------++-------
  Melee: War axe           |   122 |   168 |    52 ||   342
    Use: Scroll            |     3 |     1 |     5 ||     9
         Potion            |       |     2 |     1 ||     3
 Armour: Scale mail        |    47 |       |       ||    47
         Plate armour      |    38 |   125 |    38 ||   201
  Dodge: Dodged            |    48 |    55 |    25 ||   128
  Block: Buckler           |    28 |    35 |     4 ||    67

Table legend:
 A = Non-vault XP
 B = Vault XP
 C = Vault XP percentage of total XP
 D = Non-vault monster count
 E = Vault monster count
 F = Vault count percentage of total count
                 A         B        C        D         E       F
            +---------+---------+-------+---------+---------+-------
      Total |     720 |     271 |  27.3 |      89 |       6 |   6.3
            +---------+---------+-------+---------+---------+-------
        D:1 |      36 |       9 |  20.0 |      23 |       5 |  17.9
        D:2 |      49 |       0 |   0.0 |      14 |       0 |   0.0
        D:3 |      71 |     262 |  78.7 |      27 |       1 |   3.6
        D:4 |     435 |       0 |   0.0 |      21 |       0 |   0.0
        D:5 |     129 |       0 |   0.0 |       4 |       0 |   0.0
            +---------+---------+-------+---------+---------+-------
